 Dungeon Crawl Stone Soup version 0.23.2-40-g277498a001 (webtiles) character file.

Game seed: 4538044611234009409

1217 Frank2 the Chopper (level 8, -1/66 HPs)
             Began as a Demigod Gladiator on Sept 28, 2019.
             Slain by a scorpion (4 damage)
             ... while paralysed by Grinder
             ... on level 6 of the Dungeon.
             The game lasted 00:07:01 (5349 turns).

Frank2 the Chopper (Demigod Gladiator)              Turns: 5349, Time: 00:07:01

Health: -1/66      AC: 13    Str: 17    XL:     8   Next: 2%
Magic:  10/11      EV:  2    Int: 12    God:
Gold:   103        SH:  0    Dex: 21    Spells: 7/7 levels left

rFire    . . .     SeeInvis .   a - +0 war axe
rCold    . . .     Gourm    .   (no shield)
rNeg     . . .     Faith    .   k - +0 ring mail
rPois    .         Spirit   .   c - +1 helmet
rElec    .         Reflect  .   n - +0 cloak
rCorr    .         Harm     .   r - +3 pair of gauntlets of War {Slay+5}
MR       .....                  (no boots)
Stlth    +.........             (no amulet)
HPRegen  0.21/turn              (no ring)
MPRegen  0.12/turn              (no ring)

@: paralysed, lethally poisoned (-1 -> -5)
A: high mp 1
a: no special abilities


You were on level 6 of the Dungeon.
You were not hungry.

You visited 1 branch of the dungeon, and saw 6 of its levels.
You also visited: Sewer.

You collected 247 gold pieces.
You spent 144 gold pieces at shops.

Inventory:

Hand Weapons
 a - a +0 war axe (weapon)
Armour
 c - a +1 helmet (worn)
 k - a +0 ring mail (worn)
 m - the cursed +1 leather armour of Least Resistance {MP+9, unknown}
   (You found it on level 4 of the Dungeon)

   It affects your magic capacity (+9).
   It has a curse placed upon it.
 n - a +0 cloak (worn)
 r - the +3 pair of gauntlets of War (worn) {Slay+5}
   (You found it on level 4 of the Dungeon)

   It affects your accuracy and damage with ranged weapons and melee attacks
   (+5).
Jewellery
 y - a +2 ring of evasion {unknown}
Wands
 q - a wand of random effects (9)
 t - a wand of acid (6)
 x - a wand of iceblast (16)
Scrolls
 e - 2 scrolls of fog
 i - 2 scrolls of teleportation
 z - a scroll of remove curse
 A - 2 scrolls of identify
Potions
 b - 2 potions of lignification
 g - 5 potions of curing {unknown}
 h - a potion of degeneration {unknown}
 j - a potion of mutation {unknown}
 l - 3 potions of heal wounds {unknown}
 o - 2 potions of brilliance {unknown}
 p - a potion of flight {unknown}
 s - a potion of resistance {unknown}
 u - a potion of magic {unknown}
Comestibles
 f - 6 rations


   Skills:
 + Level 3.7 Fighting
 + Level 6.7 Axes
 - Level 1.7 Throwing
 * Level 4.2 Armour
 + Level 4.2 Dodging
 * Level 0.4 Evocations


You had 7 spell levels left.
You didn't know any spells.
Your spell library was empty.

Dungeon Overview and Level Annotations

Branches:
Dungeon (6/15)             Temple (0/1) D:5

Shops:
D:5 *

Annotations:
D:3 2 transporters, Pance99's ghost, amateur HuWz
D:6 Grinder


Innate Abilities, Weirdness & Mutations

You have an increased reservoir of magic. (+10% MP)


Message History

The scorpion is almost dead.
You barely miss Grinder.
You feel sick. The scorpion stings you.
* * * LOW HITPOINT WARNING * * *
Grinder gestures at you.
You suddenly lose the ability to move!
The scorpion stings you but does no damage.
Grinder hits you but does no damage.
The scorpion stings you but does no damage.
You feel sick. Grinder hits you.
* * * LOW HITPOINT WARNING * * *
You writhe in agony.
* * * LOW HITPOINT WARNING * * *
The scorpion stings you but does no damage.
You feel sick. Grinder hits you but does no damage. The scorpion stings you.
* * * LOW HITPOINT WARNING * * *
Grinder blinks!
The scorpion stings you but does no damage.
* * * LOW HITPOINT WARNING * * *
You feel sick. The scorpion stings you.
You die...

..# ..# #.# . #.####
.# ##....#..### ..
.5...#.... #.#
#s......# .
#..###@ยง..#..#
.##........#...####
....#.#....##.....
##......#.........
..##..###....##.....
...........#.# ....
##^..<.....# .(.
.....#####.#># .##
#.#.#


You could see Grinder and a scorpion.

Vanquished Creatures
  Menkaure (D:5)
  An orc warrior (D:5)
  4 big kobolds (Sewer)
  A bullfrog (D:6)
  A scorpion (D:5)
  3 howler monkeys
  A bullfrog zombie (D:5)
  A hound (D:4)
  A jelly (D:5)
  4 worker ants
  A worker ant zombie (D:5)
  7 gnolls
  9 adders
  3 river rats
  A shadow imp (D:5)
  5 oozes (Sewer)
  An adder skeleton (D:4)
  10 worms
  2 dart slugs (D:2)
  3 leopard geckos
  3 orcs (D:5)
  8 ball pythons
  5 bats
  7 giant cockroaches
  7 goblins
  5 hobgoblins
  A quokka (D:3)
  2 frilled lizards
  8 kobolds
  18 rats
124 creatures vanquished.

Vanquished Creatures (others)
  4 plants (D:3)
4 creatures vanquished.

Grand Total: 128 creatures vanquished

Notes
Turn   | Place    | Note
-------+----------+-------------------------------------------
     0 | D:1      | Frank2 the Demigod Gladiator began the quest for the Orb.
     0 | D:1      | Reached XP level 1. HP: 17/17 MP: 3/3
   182 | D:1      | Reached XP level 2. HP: 24/24 MP: 4/4
   681 | D:1      | Reached skill level 3 in Axes
   911 | D:2      | Reached skill level 1 in Armour
   915 | D:2      | Reached XP level 3. HP: 20/29 MP: 5/5
  1421 | D:2      | Reached XP level 4. HP: 9/36 MP: 6/6
  2371 | D:3      | Identified the +4 halberd "Duagg" {pain, *Noise rElec rPois
                  | rC++}
  2419 | D:3      | Found a transporter.
  2419 | D:3      | Found a transporter.
  2428 | D:3      | Noticed Pance99's ghost (amateur HuWz)
  2485 | D:3      | Found an opulent altar of Gozag.
  2683 | D:4      | Found a hide-covered altar of Uskayaw.
  2683 | D:4      | Found a white marble altar of Elyvilon.
  2701 | D:4      | Found a burning altar of Makhleb.
  2709 | D:4      | Found a glowing silver altar of Zin.
  2726 | D:4      | Reached skill level 4 in Axes
  3025 | D:4      | Reached XP level 5. HP: 34/42 MP: 7/7
  3029 | D:4      | Got a faintly glowing leather armour
  3332 | D:4      | Found the +3 pair of gauntlets of War {Slay+5}
  3551 | D:5      | Entered Level 5 of the Dungeon
  3551 | D:5      | Found a basalt altar of Yredelemnul.
  3607 | D:5      | Noticed an orc warrior
  3635 | D:5      | Killed an orc warrior
  3635 | D:5      | Reached XP level 6. HP: 16/50 MP: 8/8
  3867 | D:5      | Reached skill level 5 in Axes
  3910 | D:5      | Found a glowing drain.
  3919 | Sewer    | Entered a sewer
  4080 | Sewer    | Reached XP level 7. HP: 54/57 MP: 9/9
  4417 | Sewer    | Reached skill level 6 in Axes
  4677 | D:5      | Found a staircase to the Ecumenical Temple.
  4822 | D:5      | Noticed Menkaure
  4826 | D:5      | Killed Menkaure
  5039 | D:5      | Found a shattered altar of Ashenzari.
  5123 | D:5      | Found an ornate altar of the Wu Jian Council.
  5141 | D:5      | Found Qidgh's Assorted Antiques.
  5149 | D:5      | Bought a wand of iceblast (12) for 96 gold pieces
  5149 | D:5      | Bought a scroll of identify for 48 gold pieces
  5335 | D:6      | Reached XP level 8. HP: 33/66 MP: 9/11
  5338 | D:6      | Noticed Grinder
  5344 | D:6      | Paralysed by Grinder for 7 turns
  5347 | D:6      | HP: 3/66 [scorpion (2)]
  5349 | D:6      | Slain by a scorpion

Skill      XL: |  1  2  3  4  5  6  7 |
---------------+----------------------+-----
Dodging        | 3 4 |  4.2
Axes           | 3 4 5 6 |  6.7
Fighting       | 2 3 |  3.7
Armour         | 1 2 3 4 |  4.2
Throwing       | |  1.7
Evocations     | |  0.4

Action                   |  1- 3 |  4- 6 |  7- 9 || total
-------------------------+-------+-------+-------++-------
Melee: War axe           |    67 |   217 |   103 ||   387
Throw: Throwing net      |       |     2 |     1 ||     3
Evoke: Wand              |       |       |     2 ||     2
  Use: Scroll            |     3 |     4 |     2 ||     9
 Stab: Held in net/web   |       |     1 |     2 ||     3
  Eat: Chunk             |     1 |     9 |     5 ||    15
Armor: Leather armour    |     8 |       |       ||     8
       Ring mail         |    10 |    73 |    33 ||   116
Dodge: Dodged            |    44 |   147 |    73 ||   264
